 Dungeon Crawl Stone Soup version 0.28-a0-612-gcfc00ec14d (webtiles) character file.

Game seed: 11003847520606246099

79 siradein the Insei (level 4, 0/33 HPs)
             Began as a Merfolk Transmuter on Oct 5, 2021.
             Slain by a gnoll (5 damage)
             ... on level 2 of the Dungeon.
             The game lasted 00:04:00 (2633 turns).

siradein the Insei (Merfolk Transmuter)             Turns: 2633, Time: 00:04:01

Health: 0/33       AC:  2    Str: 10    XL:     4   Next: 37%
Magic:  5/7        EV: 13    Int: 13    God:
Gold:   30         SH:  0    Dex: 14    Spells: 2/8 levels left

rFire   . . .      SeeInvis .     - Unarmed
rCold   . . .      Faith    .   (no shield)
rNeg    . . .      Spirit   .   a - +0 robe
rPois   .          Reflect  .   (helmet currently unavailable)
rElec   .          Harm     .   (no cloak)
rCorr   .          Rampage  .   (no gloves)
Will    .....                   (boots currently unavailable)
Stlth   +.........              (no amulet)
HPRegen 0.11/turn               (no ring)
MPRegen 0.10/turn               (no ring)

@: appendages (expiring), wereblooded
A: horns 2, (nimble swimmer 2), mertail
a: End Transformation


You were on level 2 of the Dungeon.
You had temporarily grown beastly horns.
You visited 1 branch of the dungeon, and saw 2 of its levels.

You collected 30 gold pieces.

Inventory:

Missiles
 i - 19 poisoned darts
Armour
 a - a +0 robe (worn)
 h - a +0 pair of boots (melded)
Scrolls
 b - 2 scrolls of identify {unknown}
 c - a scroll of vulnerability {unknown}
 g - a scroll of teleportation {unknown}
Potions
 d - a potion of curing {unknown}
 e - a potion of heal wounds {unknown}
 f - 2 potions of brilliance {unknown}


   Skills:
 + Level 2.2 Fighting
 + Level 3.4 Dodging
 + Level 3.8 Unarmed Combat
 + Level 2.5 Spellcasting
 + Level 3.6 Transmutations


You had 2 spell levels left.
You knew the following spells:

 Your Spells              Type           Power      Damage    Failure   Level
a - Beastly Appendage     Tmut           22%        N/A       5%          1
b - Wereblood             Tmut           11%        N/A       9%          2
c - Spider Form           Tmut/Pois      3%         N/A       34%         3

Your spell library contained the following spells:

 Spells                   Type           Power      Damage    Failure   Level
 Ice Form                 Ice/Tmut       6%         N/A       75%         4


Dungeon Overview and Level Annotations

Branches:
Dungeon (2/15)

Altars:


Innate Abilities, Weirdness & Mutations

You have temporarily grown beastly horns.
((You are quick and stealthy near water. (Stealth+, EV+, Speed+++)))
Your lower body shifts to a powerful aquatic tail in water.


Message History

Confirm with . or Enter, or press ? or * to list all spells.
Your blood is infused with primal strength.
Casting: Beastly Appendage (safe; 6% risk of failure)
Press: ? - help, Q - select action, (/) - cycle Dir - look around, f - activate You grow a pair of large bovine horns.
Your +0 pair of boots melds into your body.
The gnoll completely misses you. The gnoll barely misses you.
You hit the gnoll but do no damage. You barely miss the gnoll.
The gnoll barely misses you.
You hit the gnoll.
The gnoll is lightly wounded.
The gnoll closely misses you. x2
You hit the gnoll. You headbutt the gnoll.
The gnoll is moderately wounded.
The gnoll hits you with a +0 whip.
The gnoll hits you from afar with a +0 spear!
You hit the gnoll but do no damage.
The gnoll is moderately wounded.
The gnoll completely misses you.
You barely miss the gnoll.
The gnoll is moderately wounded.
The gnoll hits you from afar with a +0 spear!
You hit the gnoll. You headbutt the gnoll.
You feel a bit better.
You kill the gnoll!
The gnoll barely misses you.
You howl as the wereblood boils in your veins!
Your transformation is almost over.
The gnoll barely misses you. x2
There is a stone staircase leading down here.
You see here a +0 whip.
You punch the gnoll!
The gnoll is heavily wounded.
You howl as the wereblood boils in your veins!
The gnoll hits you with a +0 spear!
* * * LOW HITPOINT WARNING * * *
The gnoll hits you from afar with a +0 spear.
* * * LOW HITPOINT WARNING * * *
The gnoll hits you from afar with a +0 spear.
You die...

#........g........#
###.................#
##..........#.......#
............#.......#
#...........###.##.##
............# #.g#.#
......รท...### ##g# .
..).......# #>#
..........# #@#
..........######.### #
...............#...##.#
#........#####........#
..........# #####.####
..........# #.#
..........# #.#
..........# #.###
..........# #...#


You could see 2 gnolls.

Vanquished Creatures
  A gnoll (D:2)
  2 adders (D:2)
  A dart slug (D:1)
  A ball python (D:1)
  6 bats
  4 endoplasms (D:1)
  3 giant cockroaches (D:1)
  5 goblins
  3 hobgoblins (D:1)
  5 quokkas
  2 frilled lizards (D:1)
  6 kobolds
  6 rats
45 creatures vanquished.

Notes
Turn   | Place    | Note
-------+----------+-------------------------------------------
     0 | D:1      | siradein the Merfolk Transmuter began the quest for the
                  | Orb.
     0 | D:1      | Reached XP level 1. HP: 15/15 MP: 3/3
   303 | D:1      | Reached XP level 2. HP: 15/21 MP: 3/5
   880 | D:1      | Learned a level 2 spell: Wereblood
   957 | D:1      | Reached XP level 3. HP: 22/27 MP: 4/6
  1869 | D:2      | Learned a level 3 spell: Spider Form
  2046 | D:2      | Reached XP level 4. HP: 16/33 MP: 4/7
  2633 | D:2      | Slain by a gnoll

Illustrated notes

Levels and vault maps discovered:
D:1:      dpeg_arrival_orchard, layout_basic, minmay_close_crescents
D:2:      layout_rooms

Skill      XL: |  1  2  3 |
---------------+----------+-----
Transmutations | 3 |  3.6
Dodging        | 3 |  3.4
Fighting       | 2 |  2.2
Unarmed Combat | |  3.8
Spellcasting   | |  2.5

Action                   |  1- 3 |  4- 6 || total
-------------------------+-------+-------++-------
Melee: Unarmed           |   129 |    18 ||   147
       Headbutt          |    14 |     2 ||    16
       Punch             |     1 |       ||     1
 Cast: Beastly Appendage |    29 |     2 ||    31
       Wereblood         |     1 |     1 ||     2
Armor: Robe              |    33 |       ||    33
Dodge: Dodged            |    86 |    15 ||   101

Table legend: (Time is in decaauts)
 A = Elapsed time spent in this place.
 B = Non-inter-level travel time spent in this place.
 C = Inter-level travel time spent in this place.
 D = Time resting spent in this place.
 E = Time spent auto-exploring this place.
 F = Levels seen in this place.
 G = Mean time per level.
                   A        B        C        D        E       F      G
               +--------+--------+--------+--------+--------+-----+--------+
         Total |   2623 |   2604 |     19 |    279 |   1967 |   2 | 1311.5 |
       Dungeon |   2623 |   2604 |     19 |    279 |   1967 |   2 | 1311.5 |
               +--------+--------+--------+--------+--------+-----+--------+

Top non-repeatable levels by time:
     D:1: 1803 daAuts
     D:2: 819 daAuts
